Map: Wissbegier LE

Players

Gekleckert - Winner!

  • Race: Zerg Zerg
  • League: Master

xamdunord

  • Race: Protoss Protoss
  • League: Diamond

VOD

Have the link to the VOD?

Description

ZvP; Lategame win vs airtoss from behind

Time

  • Played on: Jan. 3, 2022, 2:13 p.m.
  • Length: 17:43
Show
View Real Time Build Order
Export as new Build Order

Gekleckert Zerg - Winner!

Build Orders: Hatch First, Brood Lord Corruptor 

Get SALT Encoding   

  12  0:00  Drone  
  13  0:12  Overlord  
  13  0:16  Drone  
  14  0:30  Drone x2  
  16  0:47  Hatchery  
  15  0:53  Drone  
  16  1:00  Drone  
  16  1:02  Drone  
  18  1:07  Extractor  
  17  1:16  Spawning Pool  
  16  1:18  Drone  
  16  1:23  Drone  
  18  1:28  Drone  
  19  1:39  Drone  
  20  1:52  Drone  
  21  2:02  Drone  
  21  2:06  Queen  
  21  2:07  Hatchery  
  23  2:09  Drone  
  23  2:13  Drone x2  
  26  2:18  Metabolic Boost  
  26  2:25  Overlord  
  26  2:33  Zergling x4  
  28  2:43  Queen  
  30  2:44  Queen  
  30  2:47  Drone  
  30  2:48  Drone  
  30  2:50  Drone  
  35  2:54  Drone  
  36  3:01  Overlord  
  36  3:20  Drone x4  
  36  3:21  Drone  
  36  3:25  Zergling x2  
  42  3:30  Zergling x2  
  42  3:31  Queen x2  
  47  3:37  Drone x3  
  50  3:50  Overlord x2  
  50  3:59  Overlord  
  50  4:14  Zergling x6  
  50  4:15  Drone  
  50  4:16  Drone x4  
  58  4:17  Queen x2  
  58  4:22  Overlord x2  
  61  4:29  Lair  
  61  4:30  Overlord x2  
  61  4:34  Extractor  
  60  4:40  Spore Crawler  
  60  4:42  Drone x2  
  60  4:43  Drone x3  
  64  4:54  Drone  
  64  4:55  Spore Crawler, Drone x9  
  73  5:04  Burrow  
  73  5:05  Spore Crawler  
  73  5:14  Drone x4  
  73  5:15  Drone x2  
  73  5:20  Roach Warren  
  77  5:21  Hatchery  
  77  5:25  Extractor  
  77  5:26  Drone x3  
  77  5:27  Drone x3  
  81  5:30  Overseer  
  81  5:51  Spire  
  81  5:52  Drone  
  81  5:55  Drone x2  
  81  5:56  Drone x3  
  85  5:57  Extractor  
  85  5:58  Drone  
  85  5:59  Drone x7  
  85  6:01  Extractor  
  85  6:02  Extractor  
  85  6:03  Spore Crawler  
  89  6:04  Spore Crawler  
  89  6:06  Queen x2  
  92  6:11  Spore Crawler  
  92  6:12  Spore Crawler  
  92  6:15  Spore Crawler, Drone  
  92  6:16  Overlord x4  
  90  6:19  Glial Reconstitution  
  90  6:38  Drone x4  
  90  6:39  Drone x10  
  104  6:41  Drone  
  104  6:42  Spore Crawler  
  104  6:44  Spore Crawler  
  104  6:45  Spore Crawler  
  102  7:01  Drone  
  102  7:04  Drone x8  
  102  7:05  Drone x2  
  102  7:06  Spore Crawler  
  112  7:09  Extractor  
  112  7:10  Zerg Flyer Armor Level 1, Extractor  
  112  7:13  Overseer  
  112  7:14  Infestation Pit  
  109  7:16  Drone x2  
  109  7:17  Spire  
  112  7:23  Queen  
  112  7:28  Overlord x2  
  112  7:31  Spore Crawler  
  112  7:36  Drone, Spore Crawler  
  110  7:37  Drone  
  110  7:46  Spore Crawler  
  110  7:47  Spine Crawler  
  110  7:50  Hive  
  110  7:51  Pneumatized Carapace  
  108  7:52  Overseer  
  108  8:20  Corruptor x12  
  108  8:21  Corruptor  
  108  8:26  Spine Crawler, Drone  
  108  8:27  Drone  
  135  8:28  Spine Crawler  
  135  8:29  Spine Crawler, Drone x2  
  135  8:32  Spine Crawler  
  135  8:33  Spine Crawler, Zerg Flyer Weapons Level 1  
  133  8:37  Spine Crawler  
  132  8:45  Corruptor x2  
  132  8:47  Overlord x5  
  132  8:48  Overlord x3  
  136  9:01  Spore Crawler x2  
  136  9:02  Spore Crawler  
  133  9:03  Overlord x2, Spore Crawler  
  133  9:04  Spore Crawler  
  133  9:06  Spore Crawler x2  
  129  9:12  Drone  
  129  9:13  Drone x10  
  129  9:15  Greater Spire  
  140  9:17  Overlord x2  
  140  9:18  Overseer x2  
  140  9:20  Hatchery  
  139  9:27  Adrenal Glands  
  139  9:29  Overlord  
  139  9:30  Overlord, Spore Crawler  
  138  9:34  Corruptor x2  
  142  9:41  Corruptor  
  144  9:46  Spore Crawler, Ultralisk Cavern  
  144  9:48  Spore Crawler x2  
  140  9:57  Viper x3  
  140  9:58  Viper  
  152  10:03  Evolution Chamber  
  152  10:04  Evolution Chamber x2  
  149  10:15  Drone  
  149  10:16  Drone x20  
  170  10:27  Zerg Flyer Armor Level 2  
  170  10:33  Spore Crawler x2  
  170  10:34  Zerg Flyer Weapons Level 2, Spore Crawler  
  167  10:35  Spore Crawler  
  167  10:36  Chitinous Plating, Spore Crawler  
  167  10:38  Spore Crawler  
  164  10:49  Drone  
  165  10:50  Drone x3  
  168  11:03  Spine Crawler, Spore Crawler x3  
  159  11:04  Corruptor x3  
  159  11:05  Spore Crawler x3, Corruptor  
  159  11:06  Spore Crawler  
  163  11:16  Brood Lord x4  
  169  11:24  Corruptor x2  
  164  11:35  Spine Crawler, Extractor  
  164  11:36  Extractor  
  137  11:58  Corruptor  
  137  11:59  Corruptor x5  
  144  12:06  Corruptor  
  144  12:11  Corruptor  
  146  12:16  Corruptor  
  146  12:17  Zergling x2  
  146  12:18  Zergling x28  
  163  12:29  Corruptor  
  162  12:30  Zergling x4  
  162  12:34  Zergling x2  
  161  12:38  Brood Lord  
  157  12:45  Zergling x6  
  157  12:46  Queen x3  
  164  12:55  Brood Lord  
  155  13:01  Brood Lord  
  150  13:14  Brood Lord  
  151  13:21  Queen  
  151  13:26  Hatchery  
  152  13:30  Hatchery  
  151  13:45  Zergling x2  
  151  13:46  Zergling x16  
  160  13:55  Ultralisk x3  
  178  13:59  Hatchery  
  177  14:12  Ultralisk  
  177  14:13  Zergling x4  
  177  14:14  Zergling x10  
  190  14:20  Drone  
  191  14:28  Anabolic Synthesis  
  191  14:32  Lair  
  191  14:40  Corruptor x2  
  191  14:42  Extractor  
  194  14:46  Extractor  
  193  15:08  Corruptor x3  
  199  15:24  Baneling Nest  
  182  15:48  Ultralisk x6  
  187  15:54  Zergling x2  
  187  15:55  Queen x2, Zergling x14  
  187  15:56  Queen x2  
  190  16:04  Zergling x6  
  176  16:13  Brood Lord x2  
  171  16:22  Zergling x2  
  171  16:23  Zergling x14  
  179  16:31  Queen x4  
  187  16:45  Corruptor  
  189  16:49  Zergling x10  
  189  16:50  Zergling x10  
  199  16:54  Overseer  
  199  16:58  Baneling x13  
  199  16:59  Baneling x2  
Show
View Real Time Build Order
Export as new Build Order

xamdunord Protoss 

Build Orders: 1 Gate Expand, Oracle Opening, Carriers 

Get SALT Encoding   

  12  0:00  Probe  
  13  0:12  Probe  
  14  0:19  Pylon  
  14  0:24  Probe (Chrono Boost)  
  15  0:37  Probe (Chrono Boost)  
  15  0:41  Gateway  
  16  0:44  Probe  
  17  0:50  Assimilator  
  17  0:56  Probe  
  18  1:09  Probe  
  19  1:21  Probe  
  20  1:27  Nexus  
  20  1:38  Cybernetics Core  
  20  1:39  Probe  
  21  1:46  Assimilator  
  21  1:51  Probe  
  22  1:56  Pylon  
  22  2:03  Probe  
  23  2:14  Adept  
  25  2:20  Stargate  
  25  2:23  Probe (Chrono Boost)  
  25  2:29  Warp Gate  
  26  2:33  Probe (Chrono Boost)  
  27  2:40  Probe x2 (Chrono Boost)  
  29  2:47  Adept  
  29  2:50  Probe x2 (Chrono Boost)  
  33  2:56  Probe (Chrono Boost), Void Ray (Chrono Boost)  
  33  2:57  Probe (Chrono Boost)  
  35  3:04  Probe  
  40  3:06  Probe  
  41  3:16  Probe, Pylon  
  41  3:18  Probe  
  43  3:22  Assimilator  
  43  3:27  Assimilator  
  43  3:28  Probe  
  43  3:30  Probe  
  43  3:33  Gateway  
  45  3:38  Oracle  
  45  3:40  Probe (Chrono Boost)  
  49  3:44  Probe (Chrono Boost)  
  49  3:47  Pylon  
  50  3:52  Probe (Chrono Boost)  
  52  3:59  Stargate  
  52  4:00  Probe x2 (Chrono Boost)  
  53  4:07  Probe  
  53  4:08  Probe  
  55  4:19  Probe  
  56  4:41  Nexus  
  56  4:45  Pylon  
  60  4:46  Void Ray (Chrono Boost)  
  60  4:48  Pylon  
  60  4:56  Probe, Void Ray (Chrono Boost)  
  60  4:57  Probe  
  60  4:58  Protoss Air Weapons Level 1 (Chrono Boost)  
  62  5:02  Forge  
  62  5:04  Robotics Facility  
  66  5:08  Probe  
  66  5:11  Shield Battery  
  66  5:13  Probe  
  68  5:18  Void Ray (Chrono Boost)  
  68  5:20  Probe  
  69  5:25  Probe  
  74  5:31  Void Ray (Chrono Boost), Pylon  
  78  5:41  Assimilator  
  78  5:43  Pylon  
  78  5:44  Assimilator  
  80  5:51  Probe (Chrono Boost), Void Ray  
  80  5:53  Probe x2 (Chrono Boost)  
  81  6:02  Probe (Chrono Boost)  
  81  6:03  Probe (Chrono Boost)  
  88  6:04  Robotics Bay  
  88  6:05  Void Ray  
  88  6:06  Probe (Chrono Boost)  
  88  6:07  Probe (Chrono Boost)  
  88  6:10  Probe (Chrono Boost)  
  90  6:13  Probe  
  90  6:15  Probe  
  96  6:19  Photon Cannon  
  96  6:27  Probe (Chrono Boost)  
  96  6:30  Void Ray  
  96  6:32  Probe (Chrono Boost), Fleet Beacon  
  99  6:33  Probe (Chrono Boost), Stargate  
  99  6:37  Probe (Chrono Boost)  
  106  6:40  Probe (Chrono Boost), Pylon  
  106  6:41  Probe (Chrono Boost), Pylon  
  106  6:51  Probe  
  106  6:52  Probe  
  108  6:56  Disruptor (Chrono Boost)  
  115  7:09  Probe, Nexus  
  115  7:14  Pylon  
  116  7:17  Assimilator  
  116  7:22  Assimilator  
  124  7:25  Carrier (Chrono Boost)  
  124  7:28  Carrier (Chrono Boost)  
  124  7:34  Disruptor (Chrono Boost)  
  124  7:36  Probe  
  128  7:46  Photon Cannon  
  128  7:47  Photon Cannon  
  128  7:49  Photon Cannon  
  128  7:51  Shield Battery  
  128  8:02  Pylon  
  128  8:03  Pylon  
  128  8:08  Disruptor  
  128  8:12  Protoss Air Weapons Level 2 (Chrono Boost)  
  131  8:19  Photon Cannon  
  131  8:21  Photon Cannon, Carrier (Chrono Boost)  
  131  8:23  Photon Cannon  
  131  8:25  Shield Battery  
  143  8:28  Carrier (Chrono Boost)  
  143  8:33  Carrier (Chrono Boost)  
  149  8:41  Pylon  
  149  8:45  Photon Cannon  
  149  8:46  Disruptor  
  149  8:47  Photon Cannon  
  152  8:57  Gateway  
  152  8:59  Gateway  
  152  9:00  Twilight Council  
  152  9:10  Stalker  
  152  9:11  Stalker  
  152  9:14  Void Ray (Chrono Boost)  
  160  9:19  Void Ray (Chrono Boost)  
  160  9:22  Pylon  
  160  9:23  Pylon  
  165  9:24  Observer  
  165  9:26  Void Ray (Chrono Boost)  
  169  9:40  Void Ray (Chrono Boost)  
  169  9:50  Gateway  
  169  9:52  Templar Archives  
  173  9:54  Charge  
  173  9:56  Void Ray (Chrono Boost)  
  173  9:58  Gateway x2  
  181  10:00  Void Ray (Chrono Boost)  
  181  10:01  Pylon  
  181  10:04  Stalker  
  181  10:05  Sentry  
  185  10:11  Pylon  
  185  10:14  Void Ray (Chrono Boost)  
  185  10:15  Stalker  
  191  10:21  Stalker  
  193  10:34  High Templar x2  
  197  10:38  Archon  
  197  10:39  Stalker  
  199  10:48  Protoss Air Weapons Level 3  
  196  11:23  Void Ray (Chrono Boost)  
  200  11:38  Void Ray (Chrono Boost)  
  200  11:51  Void Ray (Chrono Boost)  
  200  11:52  Void Ray (Chrono Boost)  
  189  12:02  Stalker x5  
  195  12:27  Void Ray (Chrono Boost)  
  179  12:30  Void Ray (Chrono Boost)  
  179  12:32  Void Ray (Chrono Boost)  
  179  12:35  Stalker x6  
  179  12:36  Stalker  
  147  12:45  Disruptor (Chrono Boost)  
  131  13:02  Stalker x2  
  131  13:03  Stalker x5  
  122  13:10  Oracle (Chrono Boost)  
  122  13:11  Carrier (Chrono Boost)  
  117  13:17  Void Ray (Chrono Boost)  
  119  13:20  Probe  
  120  13:28  High Templar x4  
  120  13:29  High Templar x2  
  120  13:30  Stalker  
  120  13:32  Archon  
  120  13:33  Archon x2  
  134  13:36  Blink (Chrono Boost)  
  134  13:38  Carrier (Chrono Boost)  
  140  13:52  Void Ray (Chrono Boost)  
  140  13:54  High Templar  
  146  14:01  High Templar  
  146  14:02  Stalker x4  
  156  14:06  Archon  
  156  14:09  Void Ray (Chrono Boost)  
  160  14:11  Zealot  
  162  14:25  Stalker  
  162  14:26  Stalker x3  
  162  14:27  Zealot  
  162  14:28  Void Ray (Chrono Boost)  
  176  14:31  Pylon  
  176  14:33  Assimilator  
  176  14:37  Assimilator  
  176  14:40  Nexus  
  176  14:42  Zealot x2, Pylon  
  184  14:48  High Templar, Void Ray (Chrono Boost)  
  184  14:49  High Templar  
  184  14:51  Zealot x3  
  194  14:53  Archon  
  194  14:55  Void Ray (Chrono Boost)  
  198  15:04  Stalker  
  197  15:25  Stalker  
  195  15:38  Stalker x3  
  155  15:54  Stalker x4  
  119  16:03  Stalker x3  
  113  16:08  Gateway  
  113  16:10  Gateway  
  108  16:12  Gateway  
  96  16:18  Gateway  
  96  16:21  Gateway  
  96  16:24  High Templar x4  
  102  16:26  Probe x2  
  102  16:30  Archon x2  
  104  16:33  Probe x2  
  104  16:34  Probe  
  104  16:38  Probe x2  
  109  16:42  High Templar x3  
  115  16:52  Gateway  
  115  16:53  Gateway  
  115  16:55  Archon  
  115  16:56  Gateway  
  115  16:57  High Templar x4  
  115  17:00  Gateway  
  115  17:01  Gateway, Archon x2  
  123  17:02  Immortal (Chrono Boost)  
  123  17:03  High Templar  
  123  17:07  Archon  
  129  17:09  Zealot x2  
  133  17:19  Sentry  
  133  17:20  Zealot x4  
  128  17:35  Zealot x6  
  128  17:36  Zealot  
Tags
 
Add a new tag
Caveats
  • Supply blocks, unpowered buildings, or Contaminate may cause inaccurate times.
  • Supply counts are checked every 10 seconds.